 Dungeon Crawl Stone Soup version 0.23-a0-378-gd7a6ca6 (console) character file.

742 bli the Spear-Bearer (level 7, -3/55 HPs)
             Began as a Merfolk Skald on Oct 27, 2018.
             Was a Follower of Uskayaw.
             Killed themself with a badly aimed fireball (6 damage)
             ... on level 5 of the Dungeon.
             The game lasted 00:20:59 (4700 turns).

bli the Spear-Bearer (Merfolk Skald)                Turns: 4700, Time: 00:21:00

Health: -3/55      AC:  7    Str: 12    XL:     7   Next: 76%
Magic:  18/19      EV: 20    Int: 12    God:    Uskayaw [*.....]
Gold:   285        SH:  0    Dex: 20    Spells: 8/11 levels left

rFire    . . .     SeeInvis .   a - +0 spear
rCold    . . .     Gourm    .   (no shield)
rNeg     . . .     Faith    .   b - +0 leather armour
rPois    .         Spirit   .   t - +2 helmet
rElec    .         Reflect  .   I - +0 cloak
rCorr    .         Harm     .   (no gloves)
MR       .....                  (no boots)
Stlth    ++++......             (no amulet)
HPRegen  0.18/turn              A - ring of magical power
MPRegen  0.16/turn              y - ring of stealth

@: agile
A: change form in water, swift swim, stealthy swim
a: Stomp, Renounce Religion


You were on level 5 of the Dungeon.
You worshipped Uskayaw.
Uskayaw was noncommittal.
You were not hungry.

You visited 1 branch of the dungeon, and saw 6 of its levels.

You collected 285 gold pieces.

Inventory:

Hand Weapons
 a - a +0 spear (weapon)
Missiles
 j - 166 stones (quivered)
 x - 8 tomahawks
Armour
 b - a +0 leather armour (worn)
 e - a +0 buckler
 t - a +2 helmet (worn)
 z - a +0 pair of boots
 G - a +0 large shield
 H - a cursed +0 scale mail
 I - a +0 cloak (worn)
Jewellery
 k - an uncursed ring of teleportation
 y - a ring of stealth (right hand)
 A - a ring of magical power (left hand)
 B - an uncursed ring of ice
 E - an uncursed ring of fire
Wands
 q - a wand of random effects (9)
Scrolls
 c - 2 scrolls of amnesia {unknown}
 g - 3 scrolls of identify {unknown}
 m - 3 scrolls of teleportation {unknown}
 n - a scroll of fear {unknown}
 p - a scroll of enchant armour {unknown}
 r - 4 scrolls of remove curse
 C - a scroll of fog {unknown}
 D - 2 scrolls of enchant weapon {unknown}
Potions
 f - a potion of agility
 i - a potion of might {unknown}
 l - a potion of degeneration {unknown}
 o - 2 potions of brilliance
 s - a potion of ambrosia {unknown}
 u - 2 potions of mutation {unknown}
 v - a potion of heal wounds {unknown}
 w - a potion of magic {unknown}
 F - a potion of flight {unknown}
 J - a potion of curing
Comestibles
 d - 6 rations
 h - 4 chunks of flesh


   Skills:
 + Level 4.7 Fighting
 * Level 8.4 Polearms
 + Level 1.5 Armour
 + Level 5.1 Dodging
 + Level 1.0 Stealth
 + Level 2.5 Spellcasting
 + Level 3.6 Charms


You had 8 spell levels left.
You knew the following spells:

 Your Spells              Type           Power        Failure   Level  Hunger
a - Infusion              Chrm           ##..         7%          1    #......
b - Song of Slaying       Chrm           ##......     11%         2    ###....

Your spell library contained the following spells:

 Spells                   Type           Power        Failure   Level  Hunger
 Shroud of Golubria       Chrm/Tloc      #.........   24%         2    ###....
 Regeneration             Chrm/Necr      #.........   43%         3    ###....
 Spectral Weapon          Hex/Chrm       #.......     43%         3    ###....


Dungeon Overview and Level Annotations

Branches:
Dungeon (6/15)
 Temple: D:4-7

Altars:
Gozag
Nemelex Xobeh
Uskayaw


Message History

The hound closely misses you. The hound closely misses you.
It was a potion of agility.
You feel agile all of a sudden. The hound completely misses you.
You hit the hound but do no damage.
The hound is moderately wounded.
The hound misses you. The hound bites you.
* * * LOW HITPOINT WARNING * * *
Evoke which item? (* to show all) (? for menu, Esc to quit)
Aiming: Random Effects
Press: ? - help, Shift-Dir - straight line, f - hound
Aim: a hound (lightly wounded)
The fireball explodes!
The fireball engulfs the hound.
The hound is heavily wounded.
The fireball engulfs the ogre.
The ogre is moderately wounded.
The fireball engulfs you!
You die...

....g(....#####..........
............ .........##
..g.......### .
..........# .........##
$........# .........####
## ............# .#
............# .# .
..........>.#####.##...#
.........[..##.h@.......
..#....?....##O##.......
.5#............# .......
.............### #......
.............. ......
)...........##.. ......
.>....<.....#... .....
.#.$..(######.... .....
.##............... .
#.........#...... #
###...........


You could see an ogre and a hound.

Vanquished Creatures
  Grinder (D:4)
  A phantom (D:5)
  A scorpion (D:4)
  A howler monkey (D:4)
  3 orc wizards
  A centaur skeleton (D:4)
  An iguana (D:4)
  A worker ant (D:5)
  2 gnolls (D:4)
  8 adders
  2 adder skeletons (D:4)
  3 worms
  3 dart slugs
  3 leopard geckos
  7 orcs
  10 bats
  5 giant cockroaches
  11 goblins
  5 hobgoblins
  3 jackals (D:5)
  A quokka (D:3)
  A ball python (D:5)
  5 frilled lizards
  2 jackal skeletons (D:4)
  9 kobolds
  2 rats (D:1)
92 creatures vanquished.

Vanquished Creatures (others)
  An orc wizard (D:3)
1 creature vanquished.

Grand Total: 93 creatures vanquished

Notes
Turn   | Place    | Note
-------+----------+-------------------------------------------
     0 | D:1      | bli the Merfolk Skald began the quest for the Orb.
     0 | D:1      | Reached XP level 1. HP: 16/16 MP: 3/3
     2 | D:1      | Noticed a troll
     2 | D:1      | Noticed a ghoul
     4 | D:1      | Noticed a merfolk
     4 | D:1      | Noticed a dwarf
     6 | D:1      | Noticed a human
     6 | D:1      | Noticed a draconian
     8 | D:1      | Noticed a demigod
     8 | D:1      | Noticed a formicid
    10 | D:1      | Noticed a centaur
    10 | D:1      | Noticed an elf
    13 | D:1      | Noticed a naga
    15 | D:1      | Noticed a demonspawn
    15 | D:1      | Noticed a tengu
    17 | D:1      | Noticed a vine stalker
    17 | D:1      | Noticed a felid
    19 | D:1      | Noticed an octopode
    19 | D:1      | Noticed a spriggan
    21 | D:1      | Noticed a vampire
    21 | D:1      | Noticed a gargoyle
    23 | D:1      | Noticed a halfling
    25 | D:1      | Noticed a minotaur
    27 | D:1      | Noticed an ogre
   132 | D:1      | Reached XP level 2. HP: 23/23 MP: 5/5
   406 | D:1      | Reached XP level 3. HP: 24/28 MP: 0/6
   936 | D:2      | Reached skill level 4 in Polearms
  1167 | D:2      | Reached XP level 4. HP: 31/35 MP: 2/7
  1688 | D:2      | Reached skill level 1 in Armour
  2026 | D:3      | Reached skill level 5 in Polearms
  2049 | D:3      | Reached XP level 5. HP: 27/41 MP: 5/8
  2454 | D:3      | Reached skill level 6 in Polearms
  2826 | D:4      | Found a sparkling altar of Nemelex Xobeh.
  2827 | D:4      | Found an opulent altar of Gozag.
  2921 | D:4      | Reached XP level 6. HP: 12/48 MP: 7/9
  3146 | D:4      | Learned a level 2 spell: Song of Slaying
  3386 | D:4      | Noticed a dagger
  3386 | D:4      | Noticed a hand axe
  3452 | D:4      | Found a hide-covered altar of Uskayaw.
  3469 | D:4      | Became a worshipper of Uskayaw the Reveler
  3517 | D:4      | Reached * piety under Uskayaw
  3524 | D:4      | Reached ** piety under Uskayaw
  3530 | D:4      | Reached skill level 7 in Polearms
  3957 | D:4      | Noticed Grinder
  4068 | D:4      | Reached *** piety under Uskayaw
  4074 | D:4      | Reached **** piety under Uskayaw
  4075 | D:4      | Killed Grinder
  4075 | D:4      | Reached skill level 5 in Dodging
  4075 | D:4      | Reached XP level 7. HP: 37/55 MP: 10/10
  4351 | D:5      | Entered Level 5 of the Dungeon
  4399 | D:4      | Reached skill level 8 in Polearms
  4578 | D:5      | Reached skill level 1 in Stealth
  4700 | D:5      | Killed themself with a badly aimed fireball

Vault maps used:
D:1:      kb_arrival_jail, minmay_tiny_reverse_x
D:2:      serial_bayou_pond_d, roderic_lattice_a
D:3:      first_ration
D:4:      grunt_temple_overflow_opulence, dancing_weapons_uskayaw, uniq_grinder
D:5:      nicolae_qazlal_general_emergency, minmay_temple_entry_hall

Skill      XL: |  1  2  3  4  5  6  7 |
---------------+----------------------+-----
Dodging        | 3 4 5 |  5.1
Fighting       | 3 4 |  4.7
Polearms       | 4 5 6 7 8 |  8.4
Armour         | 1 |  1.5
Stealth        | 1 |  1.0
Spellcasting   | |  2.5
Charms         | |  3.6

Action                   |  1- 3 |  4- 6 |  7- 9 || total
-------------------------+-------+-------+-------++-------
Melee: Spear             |   116 |   233 |    80 ||   429
Throw: Stone             |       |     8 |     4 ||    12
 Cast: Infusion          |    11 |    17 |     5 ||    33
       Song of Slaying   |       |       |     1 ||     1
Evoke: Wand              |       |     1 |       ||     1
  Use: Scroll            |       |     1 |       ||     1
       Potion            |       |     3 |     1 ||     4
 Stab: Sleeping          |       |     4 |     3 ||     7
       Paralysed         |       |     9 |     3 ||    12
  Eat: Chunk             |     1 |    10 |     2 ||    13
Armor: Leather armour    |    18 |    34 |    20 ||    72
Dodge: Dodged            |    61 |   100 |    31 ||   192

Table legend:
 A = Non-vault XP
 B = Vault XP
 C = Vault XP percentage of total XP
 D = Non-vault monster count
 E = Vault monster count
 F = Vault count percentage of total count
                 A         B        C        D         E       F
            +---------+---------+-------+---------+---------+-------
      Total |     785 |     276 |  26.0 |      90 |       3 |   3.2
            +---------+---------+-------+---------+---------+-------
        D:1 |      45 |       4 |   8.2 |      25 |       2 |   7.4
        D:2 |      87 |       0 |   0.0 |      17 |       0 |   0.0
        D:3 |     124 |       0 |   0.0 |      21 |       0 |   0.0
        D:4 |     366 |     272 |  42.6 |      20 |       1 |   4.8
        D:5 |     163 |       0 |   0.0 |       7 |       0 |   0.0
            +---------+---------+-------+---------+---------+-------
